[Event "ICC tourney 2050 (75 10)"]
[Site "Internet Chess Club"]
[Date "2020.10.10"]
[Round "2"]
[White "gannikus1992"]
[Black "Blue-Elephant1"]
[Result "1-0"]
[ICCResult "Black resigns"]
[WhiteElo "2508"]
[BlackElo "2097"]
[Opening "Sicilian: closed"]
[ECO "B23"]
[NIC "SI.44"]
[Time "11:02:32"]
[TimeControl "4500+10"]

1. e4 c5 2. Nc3 e6 3. f4 d5 4. Nf3 Nf6 5. e5 Nfd7 6. g3 Nc6 7. Bg2 Be7 8.
O-O O-O 9. d3 a6 10. Bd2 b5 11. Qe2 Qc7 12. Rae1 Nd4 13. Qd1 Bb7 14. Nxd4
cxd4 15. Ne2 Bc5 16. g4 Rac8 17. Ng3 Be7 18. c3 Qb6 19. cxd4 Qxd4+ 20. Be3
Qxb2 21. Re2 Qc3 22. d4 f6 23. f5 fxe5 24. fxe6 Nf6 25. Nf5 Rfe8 26. dxe5
Nxg4 27. Kh1 Qxe5 28. Bg1 Qc7 29. Qd4 Nf6 30. Qh4 Qc4 31. Qg5 Bf8 32. e7
{Black resigns}
1-0

[Event "ICC tourney 2050 (75 10)"]
[Site "Internet Chess Club"]
[Date "2020.10.10"]
[Round "2"]
[White "tcao"]
[Black "e4f5"]
[Result "1/2-1/2"]
[ICCResult "Game drawn by repetition"]
[WhiteElo "2066"]
[BlackElo "2204"]
[Opening "Sicilian"]
[ECO "B56"]
[NIC "SI.25"]
[Time "11:03:06"]
[TimeControl "4500+10"]

1. e4 c5 2. Nf3 d6 3. d4 cxd4 4. Nxd4 Nf6 5. Nc3 Nc6 6. Be3 Ng4 7. Bb5 Nxe3
8. fxe3 Bd7 9. O-O e6 10. Bxc6 bxc6 11. e5 Be7 12. exd6 Bxd6 13. Nb3 Qc7 14.
Qh5 O-O 15. Ne4 f5 16. Nxd6 Qxd6 17. Rad1 Qe7 18. Qe2 Be8 19. e4 f4 20. Nd4
Qc5 21. Qf2 Bh5 22. Rd3 Qe5 23. Nxc6 Qxe4 24. Ne7+ Kh8 25. Re1 Qb4 26. Rxe6
Qxb2 27. Rh3 Qxa2 28. Qe1 Rfb8 29. Rxh5 Rb1 30. Ng6+ Kg8 31. Ne7+ Kh8 32.
Ng6+ Kg8 33. Ne7+ Kh8 34. Ng6+ Kg8 35. Ne7+ Kh8 36. Ng6+ Kg8 37. Ne7+ Kh8
38. Ng6+ Kg8 39. Ne7+ Kh8 40. Ng6+ {Game drawn by repetition} 1/2-1/2

[Event "ICC tourney 2050 (75 10)"]
[Site "Internet Chess Club"]
[Date "2020.10.10"]
[Round "2"]
[White "Suraj240704"]
[Black "Terry1234"]
[Result "0-1"]
[ICCResult "White resigns"]
[WhiteElo "2138"]
[BlackElo "2237"]
[Opening "King's Indian: Sämisch, 5...O-O"]
[ECO "E81"]
[NIC "KI.54"]
[Time "11:02:49"]
[TimeControl "4500+10"]

1. d4 Nf6 2. c4 g6 3. f3 Bg7 4. e4 d6 5. Nc3 O-O 6. Be3 c5 7. Nge2 Nc6 8.
Qd2 Qa5 9. Rc1 a6 10. a3 Rd8 11. d5 Ne5 12. Ng3 h5 13. Be2 h4 14. Nf1 h3 15.
g3 b5 16. b4 cxb4 17. Nb1 bxc4 18. axb4 Qa4 19. Bb6 Re8 20. Ne3 Nd3+ 21.
Bxd3 cxd3 22. O-O Rb8 23. Ba5 e6 24. Nc3 Qd7 25. Qxd3 Bb7 26. Rfd1 Bh6 27.
dxe6 Qxe6 28. Rc2 Rbc8 29. Re2 Rxc3 30. Qxc3 Nxe4 31. Qe1 Ng5 32. Kf2 Nxf3
33. Qc3 Nxh2 34. Qd3 Bxe3+ {White resigns} 0-1

[Event "ICC tourney 2050 (75 10)"]
[Site "Internet Chess Club"]
[Date "2020.10.10"]
[Round "2"]
[White "zuz1209"]
[Black "MiamiBoy"]
[Result "0-1"]
[ICCResult "White resigns"]
[WhiteElo "2196"]
[BlackElo "2150"]
[Opening "Giuoco Piano"]
[ECO "C50"]
[NIC "IG.02"]
[Time "11:02:26"]
[TimeControl "4500+10"]

1. e4 e5 2. Nf3 Nc6 3. Bc4 Bc5 4. O-O Nf6 5. d3 O-O 6. c3 d6 7. h3 a6 8. Bb3
Ba7 9. Nbd2 Na5 10. Bc2 c5 11. Re1 h6 12. Nf1 Nc6 13. Ng3 Be6 14. Nh4 b5 15.
Nhf5 Kh8 16. Be3 a5 17. d4 cxd4 18. cxd4 exd4 19. Nxd4 Nxd4 20. Bxd4 Bxd4
21. Qxd4 Rc8 22. Bd3 Rc5 23. a3 a4 24. Rad1 Qc7 25. Ne2 Bb3 26. Rd2 d5 27.
Nc3 dxe4 28. Bxe4 Rc4 29. Qd3 b4 30. axb4 a3 31. Bf3 axb2 32. Nb1 Rc1 33.
Bd1 Bxd1 34. Rdxd1 Rc8 35. Qb3 Rxd1 36. Rxd1 Qc1 37. b5 Ne4 38. Rf1 Nc3 39.
Nxc3 Rxc3 40. Qxf7 Qxf1+ 41. Kh2 b1=Q 42. Qf8+ Kh7 {White resigns} 0-1

[Event "ICC tourney 2050 (75 10)"]
[Site "Internet Chess Club"]
[Date "2020.10.10"]
[Round "2"]
[White "creepycrawlies"]
[Black "tacticsalk"]
[Result "1/2-1/2"]
[ICCResult "Game drawn by repetition"]
[WhiteElo "2147"]
[BlackElo "2311"]
[Opening "QGD Slav: Carlsbad variation"]
[ECO "D17"]
[NIC "SL.04"]
[Time "11:02:28"]
[TimeControl "4500+10"]

1. d4 d5 2. c4 c6 3. Nf3 Nf6 4. Nc3 dxc4 5. a4 Bf5 6. Ne5 Nbd7 7. Nxc4 Qc7
8. g3 e5 9. dxe5 Nxe5 10. Bf4 Nfd7 11. Bg2 g5 12. Ne3 gxf4 13. Nxf5 O-O-O
14. Qc2 Nc5 15. O-O fxg3 16. hxg3 a5 17. Rfd1 h5 18. Rxd8+ Qxd8 19. Rd1 Qf6
20. Ne4 Nxe4 21. Qxe4 Bc5 22. Qf4 Ng6 23. Nd6+ Qxd6 24. Qf5+ Qe6 25. Qxc5 h4
26. Qxa5 hxg3 27. Qa8+ Kc7 28. Qa5+ Kc8 29. Qa8+ Kc7 30. Qa5+ Kc8
{Game drawn by repetition}
1/2-1/2

[Event "ICC tourney 2050 (75 10)"]
[Site "Internet Chess Club"]
[Date "2020.10.10"]
[Round "2"]
[White "BBCC2020"]
[Black "milindm"]
[Result "1/2-1/2"]
[ICCResult "Game drawn by mutual agreement"]
[WhiteElo "2208"]
[BlackElo "2251"]
[Opening "Queen's gambit declined"]
[ECO "D30"]
[NIC "QP.08"]
[Time "11:02:28"]
[TimeControl "4500+10"]

1. d4 d5 2. c4 e6 3. Nf3 Nf6 4. g3 Bb4+ 5. Bd2 Be7 6. Bg2 O-O 7. O-O c6 8.
Qc2 Nbd7 9. Bf4 b6 10. Nbd2 Nh5 11. cxd5 Nxf4 12. gxf4 cxd5 13. Ne5 Nxe5 14.
fxe5 Ba6 15. Rfe1 Qd7 16. e3 Rfc8 17. Qb3 Rc7 18. Rec1 Rac8 19. Rc3 Rxc3 20.
bxc3 Qb5 21. Bf1 Qa5 22. Rc1 Bxf1 23. Nxf1 Qa6 24. Rc2 Qd3 25. c4 Qd1 26.
Rc3 Qxb3 27. axb3 a5 28. e4 dxc4 29. bxc4 b5 30. c5 b4 31. Rc4 Kf8 32. Nd2
Ke8 33. c6 f6 {Game drawn by mutual agreement} 1/2-1/2

[Event "ICC tourney 2050 (75 10)"]
[Site "Internet Chess Club"]
[Date "2020.10.10"]
[Round "2"]
[White "ASharikov"]
[Black "Darnoc"]
[Result "0-1"]
[ICCResult "White resigns"]
[WhiteElo "2301"]
[BlackElo "2630"]
[Opening "QGD Slav defense: exchange variation"]
[ECO "D10"]
[NIC "SL.01"]
[Time "11:03:10"]
[TimeControl "4500+10"]

1. d4 d5 2. c4 c6 3. cxd5 cxd5 4. Bf4 Nc6 5. e3 Nf6 6. Nc3 Bf5 7. Qb3 Na5 8.
Bb5+ Bd7 9. Qa4 e6 10. Bxd7+ Nxd7 11. Nb5 Rc8 12. Nd6+ Bxd6 13. Bxd6 Nc4 14.
Ba3 Qg5 15. Ne2 Nxa3 16. Qxa3 Qxg2 17. Rg1 Qxh2 18. Rxg7 Nf6 19. f3 Rg8 20.
Rxg8+ Nxg8 21. Kd2 Rc2+ 22. Kxc2 Qxe2+ 23. Kc3 Qxe3+ 24. Kc2 Qe2+ 25. Kc3
Qc4+ 26. Kd2 Qxd4+ 27. Ke2 Ne7 28. Qc3 Qf4 29. Rh1 d4 30. Qd3 Qe5+ 31. Kd1
Nf5 32. Rxh7 Qg3 33. Qb5+ Kf8 34. Qxb7 Ne3+ 35. Ke2 Qg2+ 36. Kd3 Qc2+ 37.
Kxd4 Nf5+ 38. Ke5 Qc5+ 39. Kf6 Qd4+ 40. Kg5 Qg1+ {White resigns} 0-1

[Event "ICC tourney 2050 (75 10)"]
[Site "Internet Chess Club"]
[Date "2020.10.10"]
[Round "2"]
[White "profofchess"]
[Black "visdus"]
[Result "1-0"]
[ICCResult "Black resigns"]
[WhiteElo "2378"]
[BlackElo "2125"]
[Opening "Sicilian"]
[ECO "B50"]
[NIC "SI.01"]
[Time "11:02:47"]
[TimeControl "4500+10"]

1. e4 c5 2. Nf3 d6 3. c3 Nf6 4. Bc4 e6 5. Qe2 Be7 6. Bb3 O-O 7. O-O b6 8.
Re1 Ba6 9. d3 Nc6 10. Nbd2 e5 11. Nc4 Rc8 12. a4 Re8 13. Ng5 d5 14. exd5
Nxd5 15. Qh5 Bxg5 16. Bxg5 Qd7 17. Re4 Bxc4 18. Bxc4 Nf4 19. Bxf4 exf4 20.
Rxf4 Re7 21. Re4 Rxe4 22. dxe4 Re8 23. Rd1 Rxe4 24. Rxd7 {Black resigns} 1-0

[Event "ICC tourney 2050 (75 10)"]
[Site "Internet Chess Club"]
[Date "2020.10.10"]
[Round "2"]
[White "PawnEatingZombi"]
[Black "Kyle2007"]
[Result "1/2-1/2"]
[ICCResult "Game drawn by mutual agreement"]
[WhiteElo "2214"]
[BlackElo "2038"]
[Opening "Nimzo-Indian: classical, Milner-Barry (Zurich) variation"]
[ECO "E33"]
[NIC "NI.24"]
[Time "11:02:29"]
[TimeControl "4500+10"]

1. d4 Nf6 2. c4 e6 3. Nc3 Bb4 4. Qc2 Nc6 5. Nf3 d6 6. Bd2 O-O 7. a3 Bxc3 8.
Bxc3 Qe7 9. e3 a5 10. Bd3 e5 11. dxe5 dxe5 12. Ng5 h6 13. h4 Re8 14. Ne4
Nxe4 15. Bxe4 Nd4 16. Qd1 Rd8 17. Qh5 f5 18. Bd5+ Rxd5 19. cxd5 Nc2+ 20. Kd2
Nxa1 21. Rxa1 Bd7 22. g4 fxg4 23. Qxe5 Qxe5 24. Bxe5 Rf8 25. Bg3 c6 26. e4
cxd5 27. exd5 Rd8 28. Ke3 Kf7 29. Rc1 Rc8 30. Rxc8 Bxc8 31. Kd4 a4 32. Kc5
Ke7 33. Kb6 Kd8 34. h5 Bd7 35. Be5 Be8 36. Bxg7 Bxh5 37. Kxb7 Kd7 38. Kb6
Kd6 39. Bxh6 Kxd5 40. Kb5 Be8+ 41. Kb4 Ke4 42. Bg5 Kd5 43. b3 axb3 44. Kxb3
Kc5 45. Be3+ Kb5 46. a4+ Ka6 47. Kb4 Kb7 48. a5 Bc6 49. Kc5 Bf3 50. Kd6 Ka8
51. a6 Be2 52. a7 Bf3 53. Ke5 {Game drawn by mutual agreement} 1/2-1/2

[Event "ICC tourney 2050 (75 10)"]
[Site "Internet Chess Club"]
[Date "2020.10.10"]
[Round "2"]
[White "TjkTiger"]
[Black "MiamiDude"]
[Result "1-0"]
[ICCResult "Black resigns"]
[WhiteElo "2608"]
[BlackElo "2414"]
[Opening "English: four knights, Nimzovich variation"]
[ECO "A28"]
[NIC "EO.09"]
[Time "11:04:36"]
[TimeControl "4500+10"]

1. c4 Nf6 2. Nc3 e5 3. Nf3 Nc6 4. e4 Bb4 5. d3 O-O 6. a3 Bxc3+ 7. bxc3 d6 8.
g3 Rb8 9. a4 a6 10. Rb1 Bd7 11. Bg2 Na5 12. O-O Qe8 13. Ra1 h6 14. Nh4 g5
15. Nf5 Bxf5 16. exf5 Qd7 17. g4 Nh7 18. Re1 Rbe8 19. Ra2 Kg7 20. Rae2 c5
21. d4 Qc7 22. dxe5 dxe5 23. Qd3 Qd8 24. Qxd8 Rxd8 25. Rxe5 b6 26. Bf1 Nf6
27. h3 Nc6 28. R5e2 Rfe8 29. f4 Rxe2 30. Bxe2 gxf4 31. Bxf4 Re8 32. Kf1 Re4
33. Bc7 Ne5 34. Rd1 Kh7 35. Bd8 Kg7 36. Bc7 Kh7 37. Bxb6 Rf4+ 38. Ke1 Ne4
39. Bc7 Nf3+ 40. Kf1 Ne5+ 41. Kg1 Nxc3 42. Bxe5 Nxe2+ 43. Kg2 Re4 44. Bf6
Nd4 45. Bxd4 cxd4 46. Rd3 Kg7 47. Kf3 Re5 48. Rxd4 Ra5 49. Ke4 Kf6 50. h4
{Black resigns}
1-0

[Event "ICC tourney 2050 (75 10)"]
[Site "Internet Chess Club"]
[Date "2020.10.10"]
[Round "2"]
[White "sarkasm"]
[Black "shianen"]
[Result "1-0"]
[ICCResult "Black resigns"]
[WhiteElo "2473"]
[BlackElo "2200"]
[Opening "QGD semi-Slav: accelerated Meran (Alekhine variation)"]
[ECO "D45"]
[NIC "SL.08"]
[Time "11:05:53"]
[TimeControl "4500+10"]

1. d4 d5 2. c4 c6 3. Nf3 Nf6 4. Nc3 e6 5. e3 a6 6. b3 Bb4 7. Bd2 Nbd7 8. Bd3
Bd6 9. O-O O-O 10. e4 dxe4 11. Nxe4 Nxe4 12. Bxe4 f5 13. Bc2 e5 14. Bg5 Be7
15. Bxe7 Qxe7 16. Nxe5 Nf6 17. Qf3 Qd6 18. Rad1 c5 19. Qe3 Re8 20. Rfe1 cxd4
21. Qxd4 Qxd4 22. Rxd4 Ng4 23. f4 Nf6 24. Rd6 Kf8 25. Red1 Ke7 26. c5 Be6
27. Rb6 Bc8 28. b4 Rd8 29. Re1 Kf8 30. Bb3 Ne4 31. Nf7 Rd2 32. Nd6 Nxd6 33.
Rxd6 Rxd6 34. cxd6 Bd7 35. Re7 Bc6 36. Rf7+ Ke8 37. Rxg7 Rd8 38. Rg8+ Kd7
39. Be6+ Kxd6 40. Rxd8+ Kxe6 41. Kf2 {Black resigns} 1-0

[Event "ICC tourney 2050 (75 10)"]
[Site "Internet Chess Club"]
[Date "2020.10.10"]
[Round "2"]
[White "aplusk"]
[Black "espark"]
[Result "1-0"]
[ICCResult "Black resigns"]
[WhiteElo "2577"]
[BlackElo "2312"]
[Opening "Queen's pawn game"]
[ECO "E10"]
[NIC "QI.01"]
[Time "11:02:34"]
[TimeControl "4500+10"]

1. d4 Nf6 2. c4 e6 3. Nf3 d5 4. g3 Bb4+ 5. Bd2 Be7 6. Qc2 O-O 7. Bg2 Nbd7 8.
O-O Ne4 9. Rc1 c6 10. Be1 a5 11. Nc3 f5 12. e3 g5 13. Ne2 Qe8 14. Nd2 Qh5
15. Nf1 Ndf6 16. Rab1 Nd6 17. b3 Bd7 18. a4 b6 19. Qd1 Be8 20. c5 bxc5 21.
Rxc5 Nb7 22. Rc2 f4 23. gxf4 Bg6 24. Nfg3 Bxc2 25. Qxc2 Qg6 26. Qxg6+ hxg6
27. fxg5 Ne8 28. Nf4 Kf7 29. Rc1 Bxg5 30. Nh3 Be7 31. Rxc6 Ned6 32. e4 dxe4
33. Rc7 Rac8 34. Ng5+ Ke8 35. Rxc8+ Nxc8 36. Nxe6 Rf6 37. d5 e3 38. fxe3 Nc5
39. Ne4 Nxe4 40. Bxe4 Nd6 41. Bd3 Nb7 42. Bc3 Rf3 43. Bxg6+ Kd7 44. Bd4 Bh4
45. Kg2 Rf2+ 46. Kh3 Be7 47. Kg3 Ra2 48. h4 Bd6+ 49. Kf3 Rh2 50. h5 Nd8 51.
Nxd8 Kxd8 52. Bg7 Rh3+ 53. Ke2 Rg3 54. h6 Bf8 55. Be5 Rg2+ 56. Kf3 Rxg6 57.
h7 Bg7 58. Bxg7 {Black resigns} 1-0

[Event "ICC tourney 2050 (75 10)"]
[Site "Internet Chess Club"]
[Date "2020.10.10"]
[Round "2"]
[White "helavir"]
[Black "Enamul"]
[Result "1-0"]
[ICCResult "Black resigns"]
[WhiteElo "2629"]
[BlackElo "2453"]
[Opening "Sicilian: Kan, 5.Bd3"]
[ECO "B42"]
[NIC "SI.42"]
[Time "11:02:33"]
[TimeControl "4500+10"]

1. e4 c5 2. Nf3 e6 3. d4 cxd4 4. Nxd4 a6 5. Bd3 Nf6 6. O-O Qc7 7. Qe2 d6 8.
c4 Be7 9. Nc3 Nbd7 10. f4 O-O 11. g4 Nc5 12. Bc2 e5 13. Nf5 Bd8 14. g5 Ne8
15. Nd5 Qd7 16. fxe5 dxe5 17. Be3 Ne6 18. Rad1 Nd4 19. Bxd4 exd4 20. Rxd4
Qe6 21. e5 Bxg5 22. Qg2 Bd8 23. Nxg7 Qh3 24. Nxe8+ Qxg2+ 25. Kxg2 Rxe8 26.
Nf6+ Bxf6 27. exf6 h5 28. Bd1 Be6 29. Bxh5 Red8 30. Rh4 Rac8 31. b3 Rc5 32.
Kh1 Rg5 33. Bf3 b6 34. Be4 Rd2 35. Rg1 Rxg1+ 36. Kxg1 a5 37. Rh5 Rd4 38.
Bh7+ Kf8 39. Rb5 Rg4+ 40. Kf2 Rf4+ 41. Kg3 Rxf6 42. Rxb6 a4 43. Bd3 axb3 44.
axb3 Ke7 45. b4 Rh6 46. Bf5 Kf6 47. Bxe6 fxe6 48. c5 Ke5 49. c6 Kd6 50. b5
{Black resigns}
1-0

[Event "ICC tourney 2050 (75 10)"]
[Site "Internet Chess Club"]
[Date "2020.10.10"]
[Round "2"]
[White "WonderZ"]
[Black "MacDaddyMac"]
[Result "0-1"]
[ICCResult "White resigns"]
[WhiteElo "2097"]
[BlackElo "2273"]
[Opening "Trompowsky attack (Ruth, Opocenský opening)"]
[ECO "A45"]
[NIC "QP.07"]
[Time "11:02:29"]
[TimeControl "4500+10"]

1. d4 Nf6 2. Bg5 d5 3. e3 b6 4. c4 e6 5. Nc3 Be7 6. cxd5 exd5 7. Bd3 Bb7 8.
Nf3 Nbd7 9. Qc2 h6 10. Bf4 Nh5 11. Be5 Nxe5 12. dxe5 O-O 13. e6 fxe6 14.
Bh7+ Kh8 15. Ne5 Rf6 16. Bg6 Bd6 17. Nf7+ Rxf7 18. Bxf7 Nf6 19. f3 Bc5 20.
Qd2 Qe7 21. Bg6 Rd8 22. O-O-O Nd7 23. Bc2 Ne5 24. Kb1 Ba6 25. Ka1 Kg8 26.
Bb1 Rd6 27. Ne2 Nc4 28. Qd3 Qf6 29. Qc3 Nxe3 30. Rd2 Nc4 31. Qxf6 gxf6 32.
Rdd1 Nxb2 33. Kxb2 Bxe2 34. Rd2 Bc4 35. Bd3 b5 36. Bxc4 bxc4 37. Kc2 Bb4 38.
Rd4 c5 39. Rg4+ Kh7 40. Rb1 Ra6 41. Ra1 Ra3 42. h4 d4 43. Re4 Rc3+ 44. Kd1
e5 45. h5 Kg7 46. f4 a5 47. fxe5 fxe5 48. Rxe5 Kf6 49. Re8 Kg5 50. Ke2 Rc2+
51. Kf3 d3 52. Rg8+ Kf6 53. a3 d2 54. Rg6+ Kf7 55. Rd6 Rc1 56. axb4 Rxa1 57.
Rxd2 cxb4 58. Rd7+ Ke6 59. Ra7 c3 60. Ra6+ Ke5 61. Rxh6 c2 62. Rc6 c1=Q 63.
Rxc1 Rxc1 64. g4 Rc8 {White resigns} 0-1

[Event "ICC tourney 2050 (75 10)"]
[Site "Internet Chess Club"]
[Date "2020.10.10"]
[Round "2"]
[White "BlueJay01"]
[Black "DonaldJ"]
[Result "1-0"]
[ICCResult "Black checkmated"]
[WhiteElo "2089"]
[BlackElo "2014"]
[Opening "English: symmetrical variation"]
[ECO "A30"]
[NIC "EO.64"]
[Time "11:06:19"]
[TimeControl "4500+10"]

1. c4 c5 2. g3 g6 3. Bg2 Bg7 4. Nf3 Nc6 5. O-O Nf6 6. d4 cxd4 7. Nxd4 Qb6 8.
Nc2 Qc5 9. Nba3 Ne5 10. Be3 Qc7 11. Nb5 Qd8 12. Nca3 a6 13. Nc3 d6 14. h3
Qc7 15. Rc1 O-O 16. Qb3 Be6 17. Nd5 Bxd5 18. cxd5 Qb8 19. Rc2 Rc8 20. Rxc8+
Qxc8 21. Rc1 Qb8 22. Nb1 b5 23. Nd2 Qb7 24. f4 Ned7 25. Rc6 Rc8 26. Qc2 Rd8
27. Nb3 Nc5 28. Nxc5 dxc5 29. Qxc5 Bf8 30. Rc7 Qb8 31. Qc6 Nxd5 32. Bxd5
Rxd5 33. Rc8 Qd6 34. Qa8 e6 35. Kf2 Kg7 36. a3 b4 37. Rc6 Qe7 38. Rxa6 bxa3
39. bxa3 Qc7 40. Rc6 Qe7 41. a4 Qb4 42. Rc1 Ra5 43. Qe8 Rxa4 44. Rc7 Be7 45.
Rxe7 Kh6 46. Qxf7 g5 47. Qxh7# {Black checkmated} 1-0

[Event "ICC tourney 2050 (75 10)"]
[Site "Internet Chess Club"]
[Date "2020.10.10"]
[Round "2"]
[White "Aleksandrov73"]
[Black "A-Zapata"]
[Result "1-0"]
[ICCResult "Black forfeits on time"]
[WhiteElo "2665"]
[BlackElo "2509"]
[Opening "King's Indian: Makagonov system (5.h3)"]
[ECO "E71"]
[NIC "KI.30"]
[Time "11:02:28"]
[TimeControl "4500+10"]

1. d4 Nf6 2. c4 g6 3. Nc3 Bg7 4. e4 d6 5. h3 O-O 6. Be3 e5 7. d5 Na6 8. Bd3
Nc5 9. Bc2 a5 10. g4 c6 11. Nf3 cxd5 12. cxd5 Bd7 13. a4 Ne8 14. Nd2 Rc8 15.
h4 Qb6 16. b3 Qc7 17. Nc4 h6 18. h5 g5 19. O-O Bf6 20. Nb5 Bxb5 21. axb5 b6
22. f3 Bd8 23. Qd2 Nf6 24. Na3 Nfd7 25. Rfc1 Be7 26. Nc4 Ra8 27. Bf2 Rfc8
28. Bd1 Qd8 29. Ne3 Bf8 30. Ra3 Rc7 31. Rca1 Rcc8 32. Be2 Be7 33. Qa2 Rab8
34. Qb1 Ra8 35. Qa2 Rab8 36. Kg2 Bf8 37. Qb1 Ra8 38. Qa2 Rab8 39. Qb1 Ra8
40. Be1 Be7 41. Qa2 Rab8 42. b4 axb4 43. Bxb4 Bf8 44. Be1 Nf6 45. Nc2 Nfd7
46. Nb4 Rb7 47. Nc6 Qf6 48. Qb2 Rbc7 49. Ra8 Nb7 50. R1a7 Nbc5 51. Bf2 Kh7
52. Qa3 Rxa7 53. Rxa7 Kg7 54. Be3 Kg8 55. Ra8 Rxa8 56. Qxa8 Nb3 57. Qb7 Ndc5
58. Qxb6 Nd4 59. Bd1 Kg7 60. Qa5 Nd3 61. b6 Nf4+ 62. Kf2 Nh3+ 63. Kg3 Nf4
64. Qd2 {Black forfeits on time} 1-0

[Event "ICC tourney 2050 (75 10)"]
[Site "Internet Chess Club"]
[Date "2020.10.10"]
[Round "2"]
[White "SkyAngel"]
[Black "JasonModer"]
[Result "0-1"]
[ICCResult "White forfeits on time"]
[WhiteElo "2163"]
[BlackElo "2517"]
[Opening "Sicilian: Kan, 5.Nc3"]
[ECO "B43"]
[NIC "SI.43"]
[Time "11:02:34"]
[TimeControl "4500+10"]

1. e4 c5 2. Nf3 e6 3. Nc3 a6 4. d4 cxd4 5. Nxd4 b5 6. g3 Bb7 7. Bg2 Nf6 8.
O-O b4 9. Na4 Bxe4 10. Bxe4 Nxe4 11. Re1 Nc5 12. Qf3 Ra7 13. Nxc5 Bxc5 14.
Nb3 Bb6 15. Bf4 d5 16. Bxb8 Qxb8 17. Qxd5 O-O 18. Qe4 Rc8 19. Rad1 Rac7 20.
Re2 Rc4 21. Qd3 a5 22. Red2 h6 23. Qe2 Qa8 24. Nd4 Bxd4 25. Rxd4 Rxc2 26.
Qxc2 Rxc2 27. Rd8+ Qxd8 28. Rxd8+ Kh7 29. Ra8 Rc5 30. h4 g5 31. hxg5 hxg5
32. a3 bxa3 33. bxa3 Kg6 34. a4 Kf5 35. Kg2 Ke4 36. Ra7 f5 37. Ra6 Kd5 38.
Kf3 e5 39. Ke3 Rc3+ 40. Kd2 Rc5 41. Ke3 Kc4 42. Rb6 Rd5 43. Ke2 Kd4 44. Rb8
g4 45. Rb7 Rc5 46. Ra7 Ke4 47. Ra8 Rc2+ 48. Ke1 Kf3 49. Rxa5 Re2+ 50. Kd1
Kxf2 51. Ra8 Re4 {White forfeits on time} 0-1

[Event "ICC tourney 2050 (75 10)"]
[Site "Internet Chess Club"]
[Date "2020.10.10"]
[Round "3"]
[White "MacDaddyMac"]
[Black "gannikus1992"]
[Result "1-0"]
[ICCResult "Black resigns"]
[WhiteElo "2290"]
[BlackElo "2398"]
[Opening "Sicilian: closed"]
[ECO "B23"]
[NIC "SI.44"]
[Time "14:48:45"]
[TimeControl "4500+10"]

1. e4 c5 2. Nc3 d6 3. f4 g6 4. Nf3 Bg7 5. Bb5+ Bd7 6. O-O Bxb5 7. Nxb5 a6 8.
Nc3 Nc6 9. d3 e6 10. f5 exf5 11. exf5 Nge7 12. Ng5 Nxf5 13. Rxf5 gxf5 14.
Qh5 Qf6 15. Nd5 Qd4+ 16. Be3 Qxd5 17. c4 Bd4 18. Re1 Qe5 19. Qxf7+ Kd8 20.
Ne6+ Qxe6 21. Qxe6 Kc7 22. Bxd4 Nxd4 23. Qf7+ Kb6 24. Re7 Rab8 25. Qd5 Nc6
26. Qxd6 Rhd8 27. Qc7+ Ka7 28. Qxc6 {Black resigns} 1-0

[Event "ICC tourney 2050 (75 10)"]
[Site "Internet Chess Club"]
[Date "2020.10.10"]
[Round "3"]
[White "A-Zapata"]
[Black "ASharikov"]
[Result "1-0"]
[ICCResult "Black resigns"]
[WhiteElo "2533"]
[BlackElo "2300"]
[Opening "Caro-Kann: exchange variation"]
[ECO "B13"]
[NIC "CK.02"]
[Time "14:46:53"]
[TimeControl "4500+10"]

1. e4 c6 2. d4 d5 3. exd5 cxd5 4. Bd3 Nc6 5. c3 Qc7 6. Ne2 Bg4 7. O-O e6 8.
Qe1 Bd6 9. f3 Bh5 10. Qh4 Bg6 11. Bxg6 fxg6 12. Nf4 Kf7 13. Nd3 Nge7 14. f4
Rhf8 15. Nd2 Kg8 16. Nf3 Nf5 17. Qh3 h6 18. Bd2 Na5 19. Rae1 Nc4 20. Rxe6
Rae8 21. Rxe8 Rxe8 22. Bc1 Re2 23. Nfe5 Bxe5 24. fxe5 Nce3 25. Nf4 Qc4 26.
Qf3 Nxf1 27. Nxe2 {Black resigns} 1-0

[Event "ICC tourney 2050 (75 10)"]
[Site "Internet Chess Club"]
[Date "2020.10.10"]
[Round "3"]
[White "spideydavey"]
[Black "PawnEatingZombi"]
[Result "0-1"]
[ICCResult "White resigns"]
[WhiteElo "1816"]
[BlackElo "2228"]
[Opening "Caro-Kann: two knights variation"]
[ECO "B11"]
[NIC "CK.01"]
[Time "14:46:58"]
[TimeControl "4500+10"]

1. e4 c6 2. Nc3 d5 3. Nf3 dxe4 4. Nxe4 Nf6 5. Nxf6+ exf6 6. d3 Bd6 7. g3 O-O
8. Bg2 Qa5+ 9. c3 Re8+ 10. Be3 Bg4 11. O-O Nd7 12. d4 Qh5 13. a4 a5 14. c4
Bb4 15. Bf4 g5 16. Be3 Rad8 17. Qe2 c5 18. h3 Bxh3 19. Bxh3 Qxh3 20. d5 h6
21. Qd3 f5 22. Bd2 Bxd2 23. Qxd2 f4 24. Qc3 fxg3 25. fxg3 Qxg3+ 26. Kh1 Re2
{White resigns}
0-1

[Event "ICC tourney 2050 (75 10)"]
[Site "Internet Chess Club"]
[Date "2020.10.10"]
[Round "3"]
[White "lmperatorX"]
[Black "e4f5"]
[Result "0-1"]
[ICCResult "White resigns"]
[WhiteElo "2115"]
[BlackElo "2227"]
[Opening "Sicilian"]
[ECO "B56"]
[NIC "SI.25"]
[Time "14:46:46"]
[TimeControl "4500+10"]

1. e4 c5 2. Nf3 d6 3. d4 cxd4 4. Nxd4 Nf6 5. Nc3 Nc6 6. g3 g6 7. Bg2 Nxd4 8.
Qxd4 Bg7 9. O-O O-O 10. Qd3 Nd7 11. Be3 Ne5 12. Qe2 Nc6 13. Rad1 Be6 14. Qb5
Bxc3 15. bxc3 Qc7 16. Qg5 f6 17. Qh6 Ne5 18. h3 Qxc3 19. Bd4 Nf3+ 20. Bxf3
Qxf3 21. Rd3 Qxe4 22. f3 Qf5 23. g4 Qa5 24. Re3 Qd5 25. c3 Rf7 26. Rfe1 Bd7
27. Rxe7 Qxf3 28. R1e3 Qd5 29. Bxf6 Bc6 {White resigns} 0-1

[Event "ICC tourney 2050 (75 10)"]
[Site "Internet Chess Club"]
[Date "2020.10.10"]
[Round "3"]
[White "funplaychess"]
[Black "BlueJay01"]
[Result "0-1"]
[ICCResult "White resigns"]
[WhiteElo "2309"]
[BlackElo "2109"]
[Opening "QGD semi-Slav: Stoltz variation"]
[ECO "D45"]
[NIC "SL.08"]
[Time "14:47:01"]
[TimeControl "4500+10"]

1. d4 d5 2. c4 c6 3. Nf3 Nf6 4. Nc3 e6 5. e3 Nbd7 6. Qc2 Be7 7. Bd3 O-O 8.
O-O b6 9. e4 dxe4 10. Nxe4 c5 11. Rd1 Qc7 12. Bg5 h6 13. Bh4 Bb7 14. Bg3 Qc6
15. Re1 Rfe8 16. Rad1 Nxe4 17. Bxe4 Qc8 18. dxc5 Nxc5 19. Bxb7 Qxb7 20. Ne5
Rad8 21. b3 b5 22. f3 bxc4 23. Nxc4 Na6 24. Qe2 Nb4 25. Kh1 Qa6 26. a3 Nd5
27. Be5 Qb5 28. Qc2 Rd7 29. Rd3 Red8 30. Red1 Ne3 31. Rxd7 Nxc2 32. Rxd8+
Bxd8 33. Rxd8+ Kh7 34. Rb8 Qd5 35. h3 Nxa3 36. Nxa3 Qxe5 37. Rb7 Qa1+ 38.
Kh2 Qxa3 39. Rxf7 a5 40. Rb7 Qd6+ 41. Kh1 Kg6 42. Rb5 Qa6 43. Rb8 Kg5 44.
Kh2 Qd6+ {White resigns} 0-1

[Event "ICC tourney 2050 (75 10)"]
[Site "Internet Chess Club"]
[Date "2020.10.10"]
[Round "3"]
[White "MiamiBoy"]
[Black "sarkasm"]
[Result "1/2-1/2"]
[ICCResult "Game drawn by mutual agreement"]
[WhiteElo "2148"]
[BlackElo "2447"]
[Opening "Sicilian: Najdorf"]
[ECO "B90"]
[NIC "SI.14"]
[Time "14:48:08"]
[TimeControl "4500+10"]

1. e4 c5 2. Nf3 d6 3. d4 cxd4 4. Nxd4 Nf6 5. Nc3 a6 6. f3 e5 7. Nb3 Be6 8.
Be3 h5 9. Qd2 Nbd7 10. Nd5 Bxd5 11. exd5 Qc7 12. O-O-O Rc8 13. Kb1 b5 14.
Rc1 Nb6 15. Bxb6 Qxb6 16. c4 b4 17. Re1 Be7 18. Qe3 Nd7 19. Bd3 Qxe3
{Game drawn by mutual agreement}
1/2-1/2